 Dungeon Crawl Stone Soup version 0.21.1-1-g345015fe64 (webtiles) character file.

25701 Kohma the Fencer (level 12, -2/97 HPs)
             Began as a Demonspawn Berserker on June 20, 2018.
             Was a High Priest of Trog.
             Slain by a swamp worm (13 damage)
             ... on level 5 of the Lair of Beasts.
             The game lasted 00:48:05 (16452 turns).

Kohma the Fencer (Demonspawn Berserker)            Turns: 16452, Time: 00:48:06

Health: -2/97      AC: 14    Str: 22    XL:     12   Next: 91%
Magic:  21/21      EV: 18    Int:  5    God:    Trog [*****.]
Gold:   960        SH:  0    Dex: 18    Spells: 11/11 levels left

rFire    + . .     SeeInvis +   a - +3 great sword (protect)
rCold    + . .     Gourm    +   (shield currently unavailable)
rNeg     . . .     Faith    .   N - +1 scale mail {rF+}
rPois    +         Spirit   .   y - +0 mask of the Dragon {MR+ Slay+3 SInv}
rElec    .         Reflect  .   w - +2 cloak
rCorr    .         Harm     .   j - +1 pair of gloves
MR       +++..                  (boots unavailable)
Stlth    ..........             x - amulet of the gourmand
HPRegen  1.26/turn              n - +2 ring of dexterity
MPRegen  0.17/turn              L - ring "Zyatyd" {rPois MP+9 Int-3 Dex+2}

@: regenerating, repel missiles, very slow
A: hooves 3, repulsion field 3, cold resistance 1, spiny 1
a: Berserk, Trog's Hand, Brothers in Arms, Burn Spellbooks, Renounce Religion


You were on level 5 of the Lair of Beasts.
You worshipped Trog.
Trog was extremely pleased with you.
You were very full.

You visited 3 branches of the dungeon, and saw 16 of its levels.
You also visited: Volcano.

You collected 960 gold pieces.

Inventory:

Hand Weapons
 a - a +3 great sword of protection (weapon)
 b - a +1 rapier of flaming
 u - a +3 long sword of draining
 G - a +2 scimitar of slicing
Missiles
 r - 12 javelins (quivered)
 E - 76 bolts
Armour
 g - a +0 buckler
 j - a +1 pair of gloves (worn)
 w - a +2 cloak (worn)
 y - the +0 mask of the Dragon (worn) {MR+ Slay+3 SInv}
   (You found it on level 1 of the Lair of Beasts)

   It affects your accuracy and damage with ranged weapons and melee attacks
   (+3).
   It affects your resistance to hostile enchantments.
   It lets you see invisible.
 I - a +0 large shield
 N - a +1 scale mail of fire resistance (worn)
Jewellery
 n - a +2 ring of dexterity (left hand)
 x - an amulet of the gourmand (around neck)
 L - the ring "Zyatyd" (right hand) {rPois MP+9 Int-3 Dex+2}
   (You found it on level 10 of the Dungeon)

   [ring of magical power]

   It affects your intelligence (-3).
   It affects your dexterity (+2).
   It protects you from poison.
   It affects your magic capacity (+9).
Wands
 h - a wand of disintegration (44)
 s - a wand of iceblast (7)
 t - a wand of scattershot (12)
 C - a wand of acid (22)
 F - a wand of paralysis (13)
 Q - a wand of flame (8)
Scrolls
 d - 4 scrolls of enchant armour
 e - 7 scrolls of teleportation
 A - a scroll of remove curse
 H - 2 scrolls of blinking
 J - 2 scrolls of identify
 M - a scroll of noise {unknown}
 O - 2 scrolls of fear
 R - a scroll of acquirement {unknown}
Potions
 f - 3 potions of resistance
 i - 4 potions of lignification
 k - 6 potions of curing
 l - 3 potions of heal wounds
 m - 2 potions of magic {unknown}
 o - 2 potions of brilliance
 p - a potion of might {unknown}
 q - 3 potions of berserk rage
 v - a potion of cancellation {unknown}
 B - 3 potions of degeneration
 D - 2 potions of flight
 P - a potion of agility {unknown}
Miscellaneous
 z - a lightning rod (4/4)
 K - a phial of floods
Comestibles
 c - 29 rations
 S - 3 chunks of flesh


   Skills:
 - Level 10.0 Fighting
 + Level 15.0 Long Blades
 + Level 6.4 Armour
 + Level 6.4 Dodging
 - Level 4.0 Shields


You had 11 spell levels left.
You didn't know any spells.

Dungeon Overview and Level Annotations

Branches:
Dungeon (10/15)            Temple (1/1) D:4            Lair (5/6) D:9
  Swamp (0/4) Lair:2       Spider (0/4) Lair:2          Orc (0/2) D:10
  Slime: Lair:5-6

Altars:
Dithmenos
Elyvilon
Gozag
Qazlal
Ru
Trog
Xom
The Shining One


Innate Abilities, Weirdness & Mutations

You have hooves in place of feet.
You are surrounded by a strong repulsion field. (EV +4, RMsl)
Your flesh is cold resistant. (rC+)
You are partially covered in sharp spines.


Message History

The swamp worm bites you but does no damage.
Okay, then.
You feel much better.
The swamp worm bites you but does no damage.
The swamp worm misses you.
The swamp worm is struck by your spines.
The swamp worm bites you!!
* * * LOW HITPOINT WARNING * * *
The swamp worm is struck by your spines.
The swamp worm closely misses you.
You riposte.
Your unstable footing causes you to fumble your attack.
Your skin crawls.
You feel resistant to hostile enchantments.
The swamp worm bites you but does no damage.
The swamp worm bites you!
* * * LOW HITPOINT WARNING * * *
The swamp worm is struck by your spines.
The swamp worm bites you but does no damage.
The swamp worm bites you!
You die...

........##
#####.#.....####
P#P..#.......≈≈≈#.##
.............##≈≈...
#...........<≈≈≈≈≈≈≈
.###..#....≈≈≈≈≈≈≈≈≈
####...≈≈≈#######
#....≈≈P#≈≈≈w≈##
#..#..≈≈≈††≈@w≈!#
#####.≈†P#≈≈≈w≈##
#.≈≈≈#######
#..≈≈≈≈≈≈ #....≈≈≈≈
#..#......
##.#..##.# ###### #.


You could see 3 swamp worms.

Vanquished Creatures
  A red draconian (Volcano)
  Erolcha (D:9)
  A centaur warrior (D:10)
  2 two-headed ogres
  A salamander mystic (Volcano)
  A wolf spider (Lair:2)
  A cyclops (D:10)
  3 salamanders (Volcano)
  4 elephants
  2 black mambas
  3 spiny frogs
  8 komodo dragons
  A rime drake (Lair:2)
  A polar bear (Lair:3)
  2 trolls
  A hornet (D:7)
  Grinder (D:4)
  6 blink frogs (Lair:3)
  4 hippogriffs
  A spriggan (D:10)
  8 yaks
  The ghost of Kohma the Chopper, an amateur MiBe of Trog (D:3)
  4 basilisks
  Menkaure (D:7)
  3 swamp worms (Lair:5)
  9 porcupines
  2 water moccasins
  Duvessa (D:7)
  5 orc warriors
  A swamp drake (Lair:2)
  3 ice beasts
  A black bear (D:7)
  2 phantoms
  4 sky beasts
  2 ogres (D:7)
  6 necrophages
  4 wolves
  3 centaurs
  7 crocodiles
  2 big kobolds (D:10)
  12 bullfrogs
  Blork the orc (D:4)
  A gnoll sergeant (D:4)
  Dowan (D:7)
  A water moccasin zombie (D:10)
  3 scorpions
  9 killer bees
  6 howler monkeys
  3 wights (D:10)
  A vampire bat (Lair:4)
  3 crimson imps
  3 jellies
  A quasit (D:10)
  7 orc priests
  A hound (D:8)
  4 gnoll shamans (D:4)
  2 centaur skeletons (D:4)
  10 orc wizards
  15 iguanas
  Terence (D:2)
  5 worker ants
  A hound zombie (D:9)
  A hound skeleton (D:4)
  Robin (D:3)
  28 gnolls (D:4)
  A worker ant zombie (D:7)
  6 adders
  An ooze (D:3)
  16 worms
  4 dart slugs (D:1)
  5 leopard geckos
  57 orcs
  14 bats
  4 giant cockroaches
  13 goblins
  6 hobgoblins
  26 jackals
  21 kobolds
  A quokka (D:5)
  A ball python (D:1)
  5 frilled lizards
  A jackal skeleton (D:5)
  3 leopard gecko skeletons
  10 rats
  A fungus (D:9)
  A plant (Lair:5)
432 creatures vanquished.

Vanquished Creatures (collateral kills)
  A two-headed ogre (D:10)
  3 salamanders (Volcano)
  An ice beast (D:10)
  An ogre (D:10)
  A necrophage (D:10)
  A bullfrog (D:10)
  An adder zombie (D:10)
9 creatures vanquished.

Vanquished Creatures (others)
  2 fungi
  3 plants
5 creatures vanquished.

Grand Total: 446 creatures vanquished

Notes
Turn   | Place    | Note
-------+----------+-------------------------------------------
     0 | D:1      | Kohma the Demonspawn Berserker began the quest for the Orb.
     0 | D:1      | Reached XP level 1. HP: 18/18 MP: 1/1
   175 | D:1      | Reached skill level 3 in Long Blades
   321 | D:1      | Gained mutation: Your flesh is cold resistant. (rC+) [demonic ancestry]
   321 | D:1      | Reached XP level 2. HP: 23/24 MP: 2/2
   583 | D:1      | Reached ** piety under Trog
   583 | D:1      | Gained mutation: You have large cloven feet. [demonic ancestry]
   583 | D:1      | Reached XP level 3. HP: 29/29 MP: 3/3
  1324 | D:2      | Noticed Terence
  1333 | D:2      | Killed Terence
  1333 | D:2      | Reached skill level 1 in Shields
  1333 | D:2      | Gained mutation: You have hoof-like feet. [demonic ancestry]
  1333 | D:2      | Reached XP level 4. HP: 27/36 MP: 4/4
  1562 | D:2      | Reached skill level 4 in Long Blades
  2321 | D:3      | Noticed Robin
  2473 | D:3      | Noticed Kohma's ghost (amateur MiBe)
  2538 | D:3      | Killed Kohma's ghost
  2538 | D:3      | Gained mutation: You are surrounded by a mild repulsion field. (EV +2) [demonic ancestry]
  2538 | D:3      | Reached XP level 5. HP: 35/42 MP: 5/5
  2538 | D:3      | Reached XP level 6. HP: 40/48 MP: 6/6
  2709 | D:3      | Killed Robin
  3372 | D:4      | Found a staircase to the Ecumenical Temple.
  3375 | D:4      | Noticed Grinder
  3382 | D:4      | Killed Grinder
  3382 | D:4      | Reached skill level 5 in Long Blades
  3382 | D:4      | Reached XP level 7. HP: 55/55 MP: 7/7
  3392 | Temple   | Entered the Ecumenical Temple
  3480 | D:4      | Reached *** piety under Trog
  3499 | D:4      | Reached skill level 5 in Fighting
  3652 | D:4      | Reached skill level 6 in Long Blades
  3689 | D:4      | Noticed Blork the orc
  3698 | D:4      | Killed Blork the orc
  3698 | D:4      | Reached XP level 8. HP: 24/63 MP: 8/8
  4035 | D:4      | Reached skill level 7 in Long Blades
  4125 | D:4      | Reached **** piety under Trog
  4975 | D:5      | Entered Level 5 of the Dungeon
  5130 | D:5      | Reached skill level 8 in Long Blades
  5915 | D:6      | Got a shimmering leather armour
  5955 | D:6      | Found a white marble altar of Elyvilon.
  5972 | D:6      | Found an opulent altar of Gozag.
  6029 | D:6      | Found a shadowy altar of Dithmenos.
  6029 | D:6      | Found a sacrificial altar of Ru.
  6062 | D:6      | Gained mutation: You have hooves in place of feet. [demonic ancestry]
  6062 | D:6      | Reached XP level 9. HP: 31/72 MP: 9/9
  6341 | D:6      | Identified the +1 leather armour of Tenacity {Str+4 Int-5 Stlth+} (You found it on level 6 of the Dungeon)
  6471 | D:6      | Found a shimmering altar of Xom.
  6473 | D:6      | Found a glowing golden altar of the Shining One.
  6475 | D:6      | Found a stormy altar of Qazlal.
  6630 | D:6      | Reached skill level 9 in Long Blades
  6806 | D:6      | Reached ***** piety under Trog
  7072 | D:7      | Noticed Dowan
  7073 | D:7      | Noticed Duvessa
  7089 | D:7      | Killed Duvessa
  7102 | D:7      | Killed Dowan
  7370 | D:7      | Reached skill level 10 in Long Blades
  7765 | D:7      | Noticed Menkaure
  7770 | D:7      | Killed Menkaure
  8117 | D:8      | Gained mutation: You are surrounded by a moderate repulsion field. (EV +3) [demonic ancestry]
  8117 | D:8      | Reached XP level 10. HP: 62/82 MP: 10/10
  8206 | D:8      | Noticed a two-headed ogre
  8215 | D:8      | Killed a two-headed ogre
  8215 | D:8      | Reached skill level 11 in Long Blades
  9346 | D:9      | Found a staircase to the Lair.
  9437 | D:9      | Received a gift from Trog
  9932 | D:9      | Noticed Erolcha
  9932 | D:9      | Paralysed by Erolcha for 4 turns
  9942 | D:9      | Killed Erolcha
  9942 | D:9      | Reached skill level 12 in Long Blades
 10255 | D:9      | Noticed a moth of wrath
 10257 | D:9      | Found a bloodstained altar of Trog.
 10551 | D:10     | Entered Level 10 of the Dungeon
 10724 | D:10     | Found a staircase to the Orcish Mines.
 10774 | D:10     | Found a transporter.
 10897 | D:10     | Noticed a cyclops
 10906 | D:10     | Killed a cyclops
 10906 | D:10     | Reached skill level 10 in Fighting
 10906 | D:10     | Gained mutation: You are partially covered in sharp spines. [demonic ancestry]
 10906 | D:10     | Reached XP level 11. HP: 62/90 MP: 11/11
 11282 | D:10     | Noticed a two-headed ogre
 11295 | D:10     | Killed a two-headed ogre
 11295 | D:10     | Reached skill level 13 in Long Blades
 11635 | D:10     | Noticed a centaur warrior
 11639 | D:10     | Noticed a two-headed ogre
 11639 | D:10     | Killed a two-headed ogre
 11645 | D:10     | Killed a centaur warrior
 11685 | D:10     | Found a transporter.
 11740 | D:10     | Got an ancient jade ring
 11759 | D:10     | Identified the ring "Zyatyd" {rPois MP+9 Int-3 Dex+2} (You found it on level 10 of the Dungeon)
 11949 | Lair:1   | Entered Level 1 of the Lair of Beasts
 12261 | Lair:1   | Reached skill level 14 in Long Blades
 12370 | Lair:1   | Received a gift from Trog
 12424 | Lair:1   | Found a dark tunnel.
 12443 | Volcano  | Entered a volcano
 12459 | Volcano  | Noticed a salamander mystic
 12462 | Volcano  | Found a burning altar of Makhleb.
 12463 | Volcano  | Noticed a red draconian
 12468 | Volcano  | Killed a salamander mystic
 12482 | Volcano  | Killed a red draconian
 12684 | Volcano  | Gained mutation: You are surrounded by a strong repulsion field. (EV +4, RMsl) [demonic ancestry]
 12684 | Volcano  | Reached XP level 12. HP: 44/97 MP: 12/12
 13135 | Lair:1   | Found the +0 mask of the Dragon {MR+ Slay+3 SInv}
 13620 | Lair:2   | Found a staircase to the Swamp.
 14002 | Lair:2   | Found a hole to the Spider Nest.
 14528 | Lair:3   | Reached skill level 5 in Armour
 14528 | Lair:3   | Reached skill level 5 in Dodging
 15329 | Lair:3   | Received a gift from Trog
 15623 | Lair:4   | Reached skill level 15 in Long Blades
 16452 | Lair:5   | Slain by a swamp worm

Skill      XL: |  1  2  3  4  5  6  7  8  9 10 11 12 |
---------------+-------------------------------------+-----
Long Blades    | 3 4 5 6 8 10 12 14 15 | 15.0
Shields        | 1 2 3 4 |  4.0
Fighting       | 4 5 7 8 10 | 10.0
Armour         | 3 6 |  6.4
Dodging        | 3 6 |  6.4

Action                   |  1- 3 |  4- 6 |  7- 9 | 10-12 || total
-------------------------+-------+-------+-------+-------++-------
Melee: Falchion          |    88 |    34 |       |       ||   122
       Kick              |    15 |    35 |   106 |   238 ||   394
       Long sword        |       |    80 |   297 |   298 ||   675
       Great sword       |       |       |       |   212 ||   212
Invok: Berserk           |     2 |     3 |     3 |     4 ||    12
       Trog's Hand       |     1 |       |       |     3 ||     4
       Burn Spellbooks   |       |       |       |     2 ||     2
       Brothers in Arms  |       |       |       |     3 ||     3
Evoke: Wand              |       |       |       |     3 ||     3
  Use: Scroll            |       |     7 |     7 |    12 ||    26
       Potion            |       |       |       |     1 ||     1
  Eat: Chunk             |     2 |     7 |    20 |    45 ||    74
       Ration            |       |     1 |     2 |       ||     3
Armor: Animal skin       |     8 |       |       |       ||     8
       Leather armour    |    10 |       |       |     8 ||    18
       Chain mail        |    24 |    45 |       |       ||    69
       Scale mail        |       |    14 |    90 |   143 ||   247
Dodge: Dodged            |    50 |    74 |   179 |   321 ||   624
Block: Buckler           |     6 |    20 |    78 |    72 ||   176
       Rpst.: Falchion   |    16 |     6 |       |       ||    22
       Long sword        |       |    17 |    52 |    48 ||   117
       Great sword       |       |       |       |    48 ||    48
